 Dungeon Crawl Stone Soup version 0.28.0-43-g3370ac3207 (webtiles) character file.

Game seed: 18036167206930299179

13647 Gabide the Frost Mage (level 11, 0/89 HPs)
             Began as a Demigod Ice Elementalist on Mar 28, 2022.
             Shot with an arrow by Nessos (4 damage)
             ... on level 12 of the Dungeon on Mar 29, 2022.
             The game lasted 00:56:10 (16270 turns).

Gabide the Frost Mage (Demigod Ice Elementalist)   Turns: 16270, Time: 00:56:10

Health: 0/89       AC: 11    Str:  9    XL:     11   Next: 49%
Magic:  25/29      EV: 14    Int: 40    God:
Gold:   74         SH:  0    Dex: 14    Spells: 10/30 levels left

rFire   . . .      SeeInvis +   f - staff of cold
rCold   + . .      Faith    .   (no shield)
rNeg    + . .      Spirit   .   i - +2 leather armour {rPois}
rPois   +          Reflect  .   Q - +2 helmet {SInv}
rElec   .          Harm     .   j - +0 cloak
rCorr   .          Rampage  .   q - +0 pair of gloves
Will    +....                   O - +0 pair of boots of Boredom {Int+5}
Stlth   ++........              r - amulet of magic regeneration
HPRegen 0.24/turn               o - ring of positive energy
MPRegen 0.61/turn               A - +6 ring of intelligence

@: invisible
A: high MP 1, forlorn, divine attributes
a: no special abilities


You were on level 12 of the Dungeon.
You visited 1 branch of the dungeon, and saw 12 of its levels.

You collected 512 gold pieces.
You spent 438 gold pieces at shops.

Inventory:

Hand Weapons
 s - a +3 battleaxe of freezing
 t - a +2 vorpal dagger
Armour
 i - a +2 leather armour of poison resistance (worn)
 j - a +0 cloak (worn)
 q - a +0 pair of gloves (worn)
 G - +0 acid dragon scales
 J - +0 steam dragon scales
 L - a +1 ring mail of willpower
 O - the +0 pair of boots of Boredom (worn) {Int+5}
   (You bought it in a shop on level 11 of the Dungeon)

   Int:       It affects your intelligence (+5).
 Q - a +2 helmet of see invisible (worn)
Magical Staves
 f - a staff of cold (weapon)
Jewellery
 l - a ring of ice
 o - a ring of positive energy (left hand)
 r - an amulet of magic regeneration (around neck)
 A - a +6 ring of intelligence (right hand)
 C - a ring of magical power
 K - a ring of ice
Wands
 h - a wand of polymorph (9)
 w - a wand of charming (1)
 M - a wand of flame (10)
Scrolls
 b - 3 scrolls of amnesia
 c - 7 scrolls of teleportation
 d - a scroll of immolation
 g - 3 scrolls of fear
 y - 2 scrolls of fog
 z - 2 scrolls of enchant weapon
 E - a scroll of magic mapping
 F - 2 scrolls of silence
Potions
 e - 2 potions of brilliance
 m - 2 potions of cancellation
 u - a potion of mutation {unknown}
 v - 2 potions of might
 x - a potion of attraction
 D - 2 potions of haste
 N - a potion of lignification
 P - 2 potions of berserk rage


   Skills:
 * Level 5.9 Fighting
 + Level 1.8 Staves
 + Level 2.8 Armour
 * Level 6.2 Dodging
 + Level 2.4 Stealth
 * Level 10.0 Spellcasting
 - Level 0.3 Conjurations
 - Level 0.7 Summonings
 * Level 11.0 Ice Magic


You had 10 spell levels left.
You knew the following spells:

 Your Spells              Type           Power      Damage    Failure   Level
a - Freeze                Ice            100%       1d11      1%          1
b - Ozocubu's Armour      Ice            100%       N/A       1%          3
c - Frozen Ramparts       Ice            100%       1d12      1%          3
d - Hailstorm             Conj/Ice       78%        3d16      2%          4
e - Summon Ice Beast      Ice/Summ       79%        N/A       2%          4
f - Swiftness             Air            20%        N/A       7%          3
g - Ensorcelled Hibernat  Hex/Ice        100%       N/A       1%          2

Your spell library contained the following spells:

 Spells                   Type           Power      Damage    Failure   Level
 Magic Dart               Conj           92%        1d7       1%          1
 Apportation              Tloc           40%        N/A       2%          1
 Shock                    Conj/Air       84%        1d8       2%          1
 Call Imp                 Summ           26%        N/A       2%          2
 Mephitic Cloud           Conj/Pois/Air  21%        N/A       7%          3
 Spider Form              Tmut/Pois      20%        N/A       7%          3
 Airstrike                Air            10%        N/A       24%         4
 Anguish                  Hex/Necr       10%        N/A       24%         4
 Summon Mana Viper        Hex/Summ       23%        N/A       50%         5
 Alistair's Intoxication  Tmut/Pois      13%        N/A       54%         5
 Monstrous Menagerie      Summ           13%        N/A       100%        7


Dungeon Overview and Level Annotations

Branches:
Dungeon (12/15)            Temple (0/1) D:6            Lair (0/6) D:9
    Orc: D:9-12

Shops:
D:1 *   D:6 *   D:9 (   D:11 [

Annotations:
D:4 2 transporters, DearestLeader's ghost, novice GnFi
D:10 1 runed translucent door, kelmiir's ghost, journeyman DrEE
D:12 Nessos


Innate Abilities, Weirdness & Mutations

You have an increased reservoir of magic. (+10% MP)
You shall have no god before yourself.
Your divine heritage dramatically boosts your attributes as you level up.


Message History

You feel sick.
You feel much better.
You feel sick.
You feel sick.
There is an open door here.
You fade into invisibility!
You feel sick.
You feel sick.
You feel sick.
You feel sick.
You feel sick.
You are no longer poisoned.
There is an open door here.
Nessos shoots an arrow. x2
There is a stone staircase leading down here.
Casting: Ozocubu's Armour (safe; 1% risk of failure)
Confirm with . or Enter, or press ? or * to list all spells.
You feel a surge of power! A chill wind blows around you.
You swap places.
Nessos gestures wildly while chanting.
There is a stone staircase leading up here.
Aiming: Polymorph
Press: ? - help, Shift-Dir - straight line, f - Nessos
Aim: Nessos, wielding a +3 longbow of flaming, wearing a +2 barding and quivering arrows (moderately wounded, ally target, will become a culicivora, a jumping spider, or a shapeshifter, chance to affect: 49%)
Okay, then.
Unknown command.
Nessos shoots an arrow.
The arrow hits your ice beast!! The arrow melts your ice beast!!
Your ice beast dies!
Your ice beast disappears in a puff of smoke!
Casting: Summon Ice Beast (dangerous; 2% risk of failure)
Confirm with . or Enter, or press ? or * to list all spells.
You feel a surge of power! A chill wind blows around you.
Nessos shoots an arrow.
The arrow hits you!
* * * LOW HITPOINT WARNING * * *
The arrow burns you.
* * * LOW HITPOINT WARNING * * *
Nessos shoots an arrow.
The arrow hits you!
* * * LOW HITPOINT WARNING * * *
The arrow burns you.
You die...

######### ######.....Y.#
#........
+.........@..##..+...c...
######.....†....##...W..
#.......#####.c...
#..§....# #.... ##c######
... #.>## #c# ##..# #.##
##.# #..## ####W### ##..#


You could see Nessos (ally target) and a friendly ice beast (summoned).

Vanquished Creatures
  Erolcha (D:10)
  A boulder beetle (D:12)
  A manticore (D:8)
  A cyclops (D:10)
  3 centaur zombies
  A gargoyle (D:10)
  A hornet (D:9)
  Prince Ribbit (D:5)
  2 wraiths
  8 yaks
  A wyvern (D:7)
  A steam dragon (D:9)
  A water moccasin (D:5)
  2 acid dragons
  6 orc warriors
  A sky beast (D:4)
  A black bear (D:7)
  3 necrophages
  3 ogres
  6 centaurs
  3 wolves (D:10)
  A kobold brigand (D:7)
  5 bullfrogs
  A gnoll sergeant (D:11)
  2 scorpions
  A wyvern skeleton (D:7)
  8 killer bees
  11 wights
  3 howler monkeys
  A bullfrog zombie (D:5)
  2 jellies
  4 hounds (D:5)
  5 orc priests
  A bullfrog skeleton (D:5)
  Natasha (twice) (D:2)
  Terence (D:2)
  An iguana (D:7)
  12 orc wizards
  A killer bee zombie (D:7)
  3 howler monkey zombies
  4 adders
  10 gnolls
  A shadow imp (D:6)
  An ufetubus (D:6)
  4 worms
  2 dart slugs (D:3)
  33 orcs
  5 ball pythons
  A bat (D:2)
  7 endoplasms
  5 giant cockroaches
  7 goblins
  11 hobgoblins
  9 jackals
  4 quokkas
  A frilled lizard (D:1)
  13 kobolds
  7 rats
238 creatures vanquished.

Vanquished Creatures (collateral kills)
  3 two-headed ogres
  2 cyclopes
  A gargoyle (D:10)
  3 yaks (D:8)
  Grum (D:10)
  An orc warrior (D:8)
  A wolf (D:10)
  A centaur (D:10)
  A bullfrog (D:8)
  A wight (D:8)
  4 killer bees (D:10)
  A howler monkey (D:11)
  2 orc wizards
  A gnoll (D:11)
  7 orcs
  4 goblins (D:8)
34 creatures vanquished.

Vanquished Creatures (others)
  An orc wizard (D:8)
  11 fungi (D:5)
  7 plants
  2 withered plants (D:10)
21 creatures vanquished.

Grand Total: 293 creatures vanquished

Notes
Turn   | Place    | Note
-------+----------+-------------------------------------------
     0 | D:1      | Gabide the Demigod Ice Elementalist began the quest for the
                  | Orb.
     0 | D:1      | Reached XP level 1. HP: 14/14 MP: 5/5
   259 | D:1      | Found Faox's Assorted Antiques.
   268 | D:1      | Reached skill level 4 in Ice Magic
   274 | D:1      | Reached XP level 2. HP: 18/20 MP: 0/7
  1176 | D:2      | Reached XP level 3. HP: 24/26 MP: 0/8
  1362 | D:2      | Identified the +4 dagger of Distraction {freeze, Fragile
                  | Will+ Int+2 Dex+4}
  1622 | D:2      | Noticed Natasha
  1628 | D:2      | Killed Natasha
  1708 | D:2      | Noticed Natasha
  1712 | D:2      | Killed Natasha
  1713 | D:2      | Reached XP level 4. HP: 25/34 MP: 6/10
  1795 | D:2      | Learned a level 3 spell: Ozocubu's Armour
  1799 | D:2      | Learned a level 3 spell: Frozen Ramparts
  1896 | D:2      | Noticed Terence
  1911 | D:2      | Killed Terence
  1912 | D:2      | Reached skill level 1 in Armour
  3015 | D:3      | Reached XP level 5. HP: 38/39 MP: 4/11
  3503 | D:4      | Reached skill level 5 in Ice Magic
  3757 | D:4      | Identified the +8 halberd "Peclazill" {elec, +Blink}
  3893 | D:4      | Noticed a sky beast
  3899 | D:4      | Killed a sky beast
  3900 | D:4      | Reached skill level 1 in Fighting
  3900 | D:4      | Reached XP level 6. HP: 47/47 MP: 3/13
  4069 | D:4      | Found a transporter.
  4103 | D:4      | Noticed DearestLeader's ghost (novice GnFi)
  4106 | D:4      | Found a transporter.
  4878 | D:5      | Entered Level 5 of the Dungeon
  5179 | D:5      | Noticed Prince Ribbit
  5190 | D:5      | Killed Prince Ribbit
  5191 | D:5      | Reached XP level 7. HP: 50/52 MP: 8/16
  5751 | D:5      | Reached skill level 1 in Staves
  6561 | D:6      | Found a staircase to the Ecumenical Temple.
  6610 | D:6      | Reached skill level 6 in Ice Magic
  6622 | D:6      | Reached skill level 5 in Spellcasting
  6635 | D:6      | Found Iloch's General Store.
  6651 | D:5      | Reached XP level 8. HP: 3/61 MP: 9/19
  7263 | D:6      | Bought a potion of brilliance for 44 gold pieces
  7263 | D:6      | Bought a scroll of fear for 38 gold pieces
  7263 | D:6      | Bought a potion of curing for 33 gold pieces
  7442 | D:6      | Reached skill level 7 in Ice Magic
  8714 | D:6      | Reached XP level 9. HP: 48/67 MP: 10/22
  9741 | D:7      | Reached skill level 8 in Ice Magic
 11181 | D:7      | Learned a level 4 spell: Hailstorm
 11186 | D:7      | Learned a level 4 spell: Summon Ice Beast
 11193 | D:7      | Learned a level 3 spell: Swiftness
 11343 | D:8      | You fall into a shaft and drop 1 floor!
 11343 | D:9      | Noticed a four-headed hydra
 11343 | D:9      | Found Biffohyah's Hydra Hut.
 11548 | D:8      | Found a flagged portal.
 11582 | D:8      | Reached skill level 5 in Dodging
 11665 | D:8      | Learned a level 2 spell: Ensorcelled Hibernation
 11819 | D:8      | Reached XP level 10. HP: 79/80 MP: 25/25
 11894 | D:8      | Noticed a manticore
 11904 | D:8      | Killed a manticore
 12031 | D:8      | Reached skill level 9 in Ice Magic
 12999 | D:9      | Reached skill level 5 in Fighting
 13001 | D:9      | Found a staircase to the Lair.
 13965 | D:10     | Entered Level 10 of the Dungeon
 14013 | D:10     | Noticed Grum
 14029 | D:10     | Killed Grum
 14072 | D:10     | Noticed Erolcha
 14099 | D:10     | Killed Erolcha
 14100 | D:10     | Reached skill level 10 in Ice Magic
 14129 | D:10     | Noticed a two-headed ogre
 14142 | D:10     | Killed a two-headed ogre
 14217 | D:10     | Noticed a cyclops
 14225 | D:10     | Killed a cyclops
 14226 | D:10     | Reached XP level 11. HP: 45/88 MP: 19/28
 14796 | D:10     | Found a runed translucent door.
 14797 | D:10     | Noticed kelmiir's ghost (journeyman DrEE)
 15207 | D:11     | Found Irphum's Antique Armour Boutique.
 15256 | D:11     | Noticed a two-headed ogre
 15267 | D:11     | Killed a two-headed ogre
 15327 | D:11     | Bought a pair of pitted boots for 323 gold pieces
 15327 | D:11     | Identified the +0 pair of boots of Boredom {Int+5} (You
                  | bought it in a shop on level 11 of the Dungeon)
 15728 | D:11     | Noticed a two-headed ogre
 15732 | D:11     | Killed a two-headed ogre
 16160 | D:12     | Noticed a boulder beetle
 16170 | D:12     | Killed a boulder beetle
 16171 | D:12     | Reached skill level 10 in Spellcasting
 16171 | D:12     | Reached skill level 11 in Ice Magic
 16240 | D:12     | Noticed Nessos
 16270 | D:12     | HP: 4/89 [Nessos/arrow (12)]
 16270 | D:12     | Shot with an arrow by Nessos

Illustrated notes

Levels and vault maps discovered:
D:1:      minmay_arrival_cross, layout_basic, serial_shops,
          nicolae_shop_hallway_plus
D:2:      layout_basic, basic_altar, minmay_vboxes, uniq_natasha, uniq_terence
D:3:      layout_loops_ring
D:4:      layout_basic, gammafunk_ghost_gnarly_gnolls
D:5:      layout_loops_ring, serial_aquarium, aquarium_bridge_long_joined
          [aquarium_subvault_window, aquarium_subvault_wall,
          aquarium_subvault_bridge, aquarium_subvault_window,
          aquarium_subvault_bridge, aquarium_subvault_window],
          aquarium_bridge_square [aquarium_subvault_wall,
          aquarium_subvault_bridge, aquarium_subvault_wall,
          aquarium_subvault_bridge], aquarium_window_fake, aquarium_window_2,
          aquarium_view_2e, aquarium_view_2b, cheibrodos_sewer_entry_bend,
          hangedman_decor_clover_reticule, uniq_prince_ribbit1
D:6:      layout_rooms, minmay_temple_entry_statues_pillars, serial_shops, shop,
          enter_ossuary_3
D:7:      layout_layer_cave
D:8:      layout_basic, enter_bailey_5
D:9:      layout_basic, mainiacjoe_overflow_alcove_4, lair_entry_dummy,
          serial_aquarium, aquarium_bridge_square [aquarium_subvault_bridge,
          aquarium_subvault_bridge, aquarium_subvault_window,
          aquarium_subvault_balcony], aquarium_bridge_straight
          [aquarium_subvault_bridge, aquarium_subvault_wall,
          aquarium_subvault_bridge, aquarium_subvault_wall], aquarium_window_1,
          aquarium_window_fake, aquarium_window_fake, aquarium_view_2e,
          doesnt_shop_hydraphobe
D:10:     layout_basic, gammafunk_ghost_grave, uniq_grum, uniq_erolcha
D:11:     layout_roguey, serial_shops, nicolae_shop_statue_plus
D:12:     layout_roguey, zombieorc2_lemuel, uniq_fannar, uniq_nessos

Skill      XL: |  1  2  3  4  5  6  7  8  9 10 11 |
---------------+----------------------------------+-----
Ice Magic      | 4 5 6 7 8 10 11 | 11.0
Dodging        | 2 3 4 5 6 |  6.2
Spellcasting   | 2 3 4 5 6 7 9 10 | 10.0
Armour         | 1 2 |  2.8
Fighting       | 1 2 3 4 5 |  5.9
Staves         | 1 |  1.8
Stealth        | 2 |  2.4
Conjurations   | |  0.3
Summonings     | |  0.7

Action                   |  1- 3 |  4- 6 |  7- 9 | 10-12 || total
-------------------------+-------+-------+-------+-------++-------
Melee: Staff             |    17 |    27 |    75 |     5 ||   124
       Punch             |     1 |     1 |       |       ||     2
Throw: Throwing net      |       |       |     1 |       ||     1
 Cast: Freeze            |    50 |   105 |   307 |    39 ||   501
       Frozen Ramparts   |       |    13 |    44 |    12 ||    69
       Ozocubu's Armour  |       |    11 |    40 |    17 ||    68
       Summon Ice Beast  |       |       |     9 |    31 ||    40
       Hailstorm         |       |       |     1 |    47 ||    48
       Ensorcelled Hiber |       |       |       |     1 ||     1
  Use: Scroll            |     1 |     9 |    12 |     6 ||    28
       Potion            |       |       |     4 |     4 ||     8
Armor: Leather armour    |    12 |    41 |   255 |    34 ||   342
       Robe              |     1 |       |       |       ||     1
Dodge: Dodged            |    29 |    55 |   328 |    58 ||   470
